 Dungeon Crawl Stone Soup version 0.22-a0-156-gba4b0f4 (webtiles) character file.

90381 omnomnOMINOUS the Impaler (level 16, -12/193 HPs)
             Began as a Merfolk Ice Elementalist on Feb 8, 2018.
             Was the Champion of the Shining One.
             Mangled by a shambling mangrove (18 damage)
             ... on level 3 of the Swamp.
             The game lasted 02:27:08 (34401 turns).

omnomnOMINOUS the Impaler (MfIE)                   Turns: 34401, Time: 02:27:09

Health: -12/193    AC:  7    Str: 17    XL:     16   Next: 0%
Magic:  4/28       EV: 20    Int: 25    God:    the Shining One [******]
Gold:   267        SH:  9    Dex: 20    Spells: 9/31 levels left

rFire    + + +     SeeInvis .   a - +10 glaive of Exquisite Torment {flame, Fragile rPois rC++ Str+2}
rCold    + + +     Gourm    .   (shield currently unavailable)
rNeg     + + +     Faith    .   o - +1 robe of Fun {rF+ rCorr Int+3}
rPois    +         Spirit   .   s - +0 hat {Int+3}
rElec    .         Reflect  .   w - scarf {rC+ rF+}
rCorr    +         Harm     .   B - +2 pair of gloves
MR       +....                  O - +0 pair of boots
Stlth    ..........             M - amulet of regeneration
HPRegen  0.82/turn              p - ring "Duxeu" {+Fly rC+ Stlth+}
MPRegen  0.21/turn              u - ring of protection from fire

@: mighty, agile, berserking, divine shield, grasped by roots, very slightly
contaminated, glowing, quick
A: change form in water, swift swim, stealthy swim
a: Divine Shield, Cleansing Flame, Summon Divine Warrior, Brand Weapon With Holy
Wrath, Renounce Religion, Evoke Flight


You were on level 3 of the Swamp.
You worshipped the Shining One.
The Shining One was exalted by your worship.
You were not hungry.

You visited 7 branches of the dungeon, and saw 29 of its levels.
You also visited: Labyrinth.

You collected 2786 gold pieces.
You spent 2519 gold pieces at shops.

Inventory:

Hand Weapons
 a - the +10 glaive of Exquisite Torment (weapon) {flame, Fragile rPois rC++ Str+2}
   (You bought it in a shop on level 13 of the Dungeon)

   It has been specially enchanted to burn those struck by it, causing extra
   injury to most foes and up to half again as much damage against particularly
   susceptible opponents.
   Big, fiery blades are also staple armaments of hydra-hunters.
   It affects your strength (+2).
   It greatly protects you from cold.
   It protects you from poison.
   It will be destroyed if unequipped.
 b - the +0 spear of Noon {pierce, *Slow Str+7 Int+5}
   (You found it on level 4 of the Dungeon)

   It inflicts extra damage upon your enemies.
   It affects your strength (+7).
   It affects your intelligence (+5).
   It may slow you when you take damage.
 c - a +2 halberd of flaming
Missiles
 S - 3 throwing nets (quivered)
Armour
 o - the +1 robe of Fun (worn) {rF+ rCorr Int+3}
   (You found it on level 3 of the Swamp)

   It affects your intelligence (+3).
   It protects you from fire.
   It protects you from acid and corrosion.
 s - a +0 hat of intelligence (worn)
 w - a scarf of resistance (worn)
 B - a +2 pair of gloves (worn)
 F - a +2 robe of magic resistance
 O - a +0 pair of boots (worn)
Jewellery
 p - the ring "Duxeu" (left hand) {+Fly rC+ Stlth+}
   (You found it on level 4 of the Lair of Beasts)

   [ring of flight]

   It protects you from cold.
   It lets you fly.
   It makes you more stealthy.
 u - a ring of protection from fire (right hand)
 M - an amulet of regeneration (around neck)
 Z - the ring of the Duchess {Wiz MR+++ Str-4 Int+8 Slay-3}
   (You found it on level 4 of the Lair of Beasts)

   [ring of wizardry]

   It improves your spell success rate.
   It affects your strength (-4).
   It affects your intelligence (+8).
   It affects your accuracy and damage with ranged weapons and melee attacks
   (-3).
   It affects your resistance to hostile enchantments.
Wands
 z - a wand of flame (56)
 C - a wand of enslavement (9)
 E - a wand of disintegration (32)
 H - a wand of acid (6)
 J - a wand of iceblast (6)
 T - a wand of polymorph (15)
Scrolls
 e - 4 scrolls of magic mapping
 f - 4 scrolls of identify
 g - a scroll of silence
 i - a scroll of blinking
 m - 12 scrolls of remove curse
 r - a scroll of amnesia
 K - a scroll of fog
 L - 4 scrolls of teleportation
 N - a scroll of vulnerability
 P - 2 scrolls of fear
 V - a scroll of summoning
Potions
 d - 3 potions of mutation
 h - 4 potions of might
 j - 2 potions of brilliance
 k - 3 potions of magic
 n - 3 potions of agility
 v - 2 potions of heal wounds
 A - a potion of resistance
 G - a potion of flight
 I - 9 potions of curing
Books
 x - a book of Summonings

   Spells                             Type                      Level
   a - Recall                         Summoning/Translocation      3
   b - Aura of Abjuration             Summoning                    5
   c - Summon Demon                   Summoning                    5
   d - Summon Forest                  Summoning/Translocation      5
   e - Summon Mana Viper              Hexes/Summoning              5
   f - Shadow Creatures               Summoning                    6
Miscellaneous
 q - a lightning rod (4/4)
 t - a fan of gales
 R - a sack of spiders
Comestibles
 Q - 35 rations


   Skills:
 + Level 12.9 Fighting
 * Level 16.2 Polearms
 + Level 15.3 Dodging
 - Level 2.1 Stealth
 - Level 8.0 Spellcasting
 - Level 1.0 Conjurations
 + Level 13.4 Summonings
 - Level 8.0 Ice Magic
 + Level 7.5 Invocations


You had 9 spell levels left.
You knew the following spells:

 Your Spells              Type           Power        Failure   Level  Hunger
a - Throw Frost           Conj/Ice       ####..       1%          2    None
b - Throw Icicle          Conj/Ice       ####....     10%         4    ##.....
c - Summon Ice Beast      Ice/Summ       ######..     1%          4    ##.....
d - Shadow Creatures      Summ           N/A          3%          6    ######.
e - Freezing Cloud        Conj/Ice/Air   ####......   95%         6    ######.


Dungeon Overview and Level Annotations

Branches:
Dungeon (15/15)            Temple (1/1) D:4            Lair (6/6) D:8
  Swamp (3/4) Lair:2        Snake (0/4) Lair:2        Slime (1/5) Lair:5
    Orc (2/2) D:9             Elf (0/3) Orc:2        Vaults (0/5) D:13
 Depths (1/5) D:15

Altars:
Ashenzari
Cheibriados
Dithmenos
Elyvilon
Fedhas
Gozag
Hepliaklqana
Kikubaaqudgha
Makhleb
Nemelex Xobeh
Okawaru
Qazlal
Ru
Sif Muna
Trog
Uskayaw
Vehumet
Wu Jian
Xom
Yredelemnul
Zin
The Shining One
Beogh

Shops:
D:9 [(   D:13 !(   Orc:1 }   Orc:2 :[:?

Portals:
Trove: D:14 (give 3 potions of resistance)

Annotations:
D:3 Purgy
D:14 Warden's ghost, journeyman GrEE
Swamp:2 Frances; Roxanne


Message History

Press: ? - help, Dir - move target cursor, f/p - spriggan
Aim: a spriggan, wielding a spear (almost dead, unusually resistant, haloed)
You reach to attack!
You barely miss the spriggan.
The spriggan is almost dead.
You block the spriggan's attack.
Unknown command.
Attack whom?
Press: ? - help, Dir - move target cursor, f/p - spriggan
Aim: a spriggan, wielding a spear (almost dead, unusually resistant, haloed)
You reach to attack!
You slice the spriggan!!
You kill the spriggan!
You hear a splash.
Unknown command.
Attack whom?
Press: ? - help, Dir - move target cursor, f - shambling mangrove
Aim: a shambling mangrove (heavily damaged, haloed)
You slice the shambling mangrove!! You burn the shambling mangrove!
The shambling mangrove is almost destroyed.
The shambling mangrove hits you!!
You die...

♣≈≈≈≈≈≈..≈≈≈≈≈≈≈♣♣≈≈≈≈♣≈
♣♣.≈≈§..≈≈≈≈≈≈≈♣♣≈≈♣≈≈≈
♣≈♣♣≈.♣.≈≈≈≈≈≈≈≈♣≈≈♣♣≈≈
≈♣♣.(≈≈.≈≈≈≈≈≈≈≈≈♣♣≈≈≈.
♣♣....≈≈≈≈≈≈≈≈≈≈≈≈...
♣♣♣≈≈≈≈...≈≈.†...≈♣♣ ♣≈.≈≈
♣♣))≈≈...≈♣♣♣≈≈♣♣≈♣ ≈...≈
♣≈f†≈≈...♣♣ ♣♣♣♣ ≈♣ .....♣♣♣♣
♣♣♣♣♣@≈≈≈≈≈♣♣ ♣♣
≈...♣...♣♣♣♣.≈≈..≈≈≈≈≈♣
≈...≈.≈≈≈♣≈...≈≈≈≈≈≈≈.♣♣
≈≈≈..≈≈≈.≈≈≈≈....≈≈≈≈..♣ ♣♣♣
..≈≈.≈≈≈≈≈≈≈..≈..≈≈≈..♣♣♣♣ ♣≈♣♣
....>%≈≈≈§≈≈..≈.≈.≈≈..♣..♣♣♣♣♣♣.♣
≈t......≈≈≈≈≈≈.≈♣...≈.≈≈≈≈≈≈♣♣<..
≈≈.≈..♣.≈≈≈≈≈..≈.≈≈≈≈≈≈≈≈≈≈§♣♣.≈.
.§.....♣.≈≈§..♣♣.≈≈≈≈≈≈≈≈≈.≈♣♣†≈≈


You could see a shambling mangrove.

Vanquished Creatures
  Jorgrun (Swamp:2)
  A thorn hunter (Lair:2)
  The ghost of Jacaranda the Thrower, a journeyman MiBe of Trog (Orc:2)
  A minotaur (Lab)
  Erolcha (D:9)
  A yaktaur captain (D:13)
  3 hydras
  A ghost crab (Swamp:2)
  A catoblepas (Lair:3)
  Erica (D:8)
  4 two-headed ogres
  5 alligators
  2 ogre magi
  2 tengu warriors
  Nergalle (D:10)
  2 wizards (D:15)
  2 unseen horrors
  A swamp dragon (Swamp:1)
  Pikel (D:4)
  A deep elf mage (D:15)
  2 ugly things
  2 manticores
  A wolf spider zombie (D:13)
  9 orc sorcerers
  A cyclops (D:15)
  3 elephants
  2 black mambas (Lair:2)
  A naga mage (D:15)
  An ice statue (D:13)
  5 spiny frogs
  A rime drake (Lair:4)
  2 komodo dragons
  2 yaktaurs (D:13)
  2 kobold demonologists (D:15)
  A tengu conjurer (D:15)
  5 trolls
  2 tyrant leeches
  A blink frog (Lair:6)
  7 hornets
  A bog body (Swamp:2)
  9 slime creatures
  5 hippogriffs
  Sigmund (D:2)
  3 shadows
  6 spriggans
  A wyvern (D:13)
  13 yaks
  3 fire bats (Lair:4)
  A fire elemental (Lair:4)
  3 basilisks
  A hungry ghost (D:10)
  9 vampire mosquitoes
  2 nagas (Lair:2)
  An acid dragon (D:13)
  4 wargs (Orc:2)
  4 water moccasins
  11 swamp worms
  4 swamp drakes
  4 porcupines
  A hornet zombie (D:15)
  10 orc warriors
  3 ice beasts
  A slave (D:3)
  9 ogres
  A black bear (D:7)
  6 wolves
  3 sky beasts
  5 phantoms
  A crocodile (D:12)
  11 centaurs
  3 big kobolds
  21 bullfrogs
  5 scorpions
  2 wyvern skeletons
  6 killer bees
  A howler monkey (D:4)
  4 crimson imps
  2 bullfrog zombies (D:6)
  5 centaur zombies
  5 jellies
  3 centaur skeletons
  10 orc priests
  3 bullfrog skeletons
  4 hounds
  31 orc wizards
  Ijyb (D:3)
  Natasha (thrice) (D:4)
  Terence (D:2)
  2 iguanas
  6 worker ants
  2 hound skeletons
  2 worker ant zombies
  Robin (D:2)
  7 gnolls
  15 adders
  3 shadow imps
  3 oozes
  An adder zombie (D:5)
  4 adder skeletons
  6 worms
  3 dart slugs
  6 leopard geckos
  95 orcs
  2 ball pythons
  4 bats
  8 giant cockroaches
  12 goblins
  12 hobgoblins
  3 jackals (D:3)
  14 kobolds
  3 quokkas
  3 frilled lizards
  A leopard gecko skeleton (D:5)
  2 quokka skeletons
  8 rats
  A spectral orc (D:7)
  A plant (Lair:3)
560 creatures vanquished.

Vanquished Creatures (collateral kills)
  Saint Roka (Orc:2)
  Gastronok (D:11)
  7 hydras
  Harold (Lair:4)
  A fire dragon (D:15)
  An alligator (Swamp:2)
  8 two-headed ogres
  An ogre mage (Orc:2)
  A death yak (Lair:4)
  The ghost of jlumianski the Slicer, a journeyman KoBe of Trog (D:9)
  A tengu warrior (D:15)
  A spriggan druid (Swamp:2)
  A wolf spider zombie (D:13)
  3 orc sorcerers
  2 cyclopes
  2 manticores (D:11)
  6 ugly things
  3 elephants
  A centaur zombie (D:13)
  A black mamba (Lair:5)
  2 spiny frogs
  2 komodo dragons
  A freezing wraith (D:11)
  A merfolk (D:12)
  3 trolls
  A polar bear (Lair:3)
  A hornet (Swamp:3)
  A hippogriff (Lair:3)
  8 slime creatures
  3 tyrant leeches
  A spriggan (Swamp:3)
  3 wyverns
  9 yaks
  A basilisk (D:11)
  2 wraiths
  6 vampire mosquitoes
  A fire bat (Lair:4)
  A naga (Lair:2)
  4 swamp worms
  3 water moccasins
  A swamp drake (Swamp:2)
  An eye of draining (D:13)
  8 orc warriors
  A necrophage (D:9)
  A centaur (D:12)
  6 ogres
  2 wolves
  4 crocodiles
  A bullfrog (D:10)
  A scorpion (D:9)
  6 electric eels
  A crimson imp (D:9)
  A hound (D:11)
  3 jellies
  A gnoll shaman (D:8)
  An orc priest (D:9)
  7 orc wizards
  17 orcs
  A quokka (D:9)
  2 kobolds (D:10)
  A plant (Lair:4)
165 creatures vanquished.

Vanquished Creatures (others)
  A two-headed ogre (D:8)
  An orc (D:9)
  5 fungi
  5 plants
12 creatures vanquished.

Grand Total: 737 creatures vanquished

Notes
Turn   | Place    | Note
-------+----------+-------------------------------------------
     0 | D:1      | omnomnOMINOUS the Merfolk Ice Elementalist began the quest for the Orb.
     0 | D:1      | Reached XP level 1. HP: 13/13 MP: 3/3
   304 | D:1      | Reached XP level 2. HP: 18/20 MP: 0/5
   331 | D:1      | Learned a level 2 spell: Throw Frost
   858 | D:1      | Reached skill level 1 in Polearms
   930 | D:2      | Noticed Terence
   969 | D:2      | Reached XP level 3. HP: 15/25 MP: 4/6
  1002 | D:2      | Reached skill level 1 in Fighting
  1002 | D:2      | Reached skill level 2 in Polearms
  1002 | D:2      | Reached skill level 1 in Conjurations
  1053 | D:1      | Reached XP level 4. HP: 13/32 MP: 2/7
  1264 | D:2      | Noticed Robin
  1366 | D:2      | Killed Robin
  1914 | D:2      | Reached skill level 3 in Polearms
  1926 | D:2      | Found a white marble altar of Elyvilon.
  2067 | D:2      | Noticed Sigmund
  2175 | D:3      | Reached XP level 5. HP: 34/38 MP: 1/8
  2376 | D:2      | Killed Sigmund
  2376 | D:2      | Reached skill level 5 in Polearms
  2376 | D:2      | Reached XP level 6. HP: 32/46 MP: 9/9
  2705 | D:2      | Killed Terence
  3149 | D:3      | Noticed Ijyb
  3157 | D:3      | Noticed Purgy
  3191 | D:3      | Killed Ijyb
  3574 | D:3      | Reached skill level 5 in Dodging
  4226 | D:4      | Reached skill level 6 in Polearms
  4270 | D:4      | Noticed Natasha
  4279 | D:4      | Killed Natasha
  4457 | D:4      | Found a staircase to the Ecumenical Temple.
  4470 | D:4      | Reached XP level 7. HP: 52/52 MP: 7/10
  4523 | D:3      | Learned a level 4 spell: Throw Icicle
  4635 | D:4      | Got a shimmering spear
  4636 | D:4      | Identified the cursed +0 spear of Noon {pierce, *Slow Str+7 Int+5} (You found it on level 4 of the Dungeon)
  4723 | D:4      | Noticed Pikel
  4867 | Temple   | Entered the Ecumenical Temple
  5311 | Temple   | Became a worshipper of the Shining One
  5400 | D:4      | Reached skill level 7 in Polearms
  5401 | D:4      | Noticed Natasha
  5407 | D:4      | Killed Natasha
  5466 | D:4      | Found an ornate altar of the Wu Jian Council.
  5666 | D:4      | Found a shattered altar of Ashenzari.
  6013 | D:4      | Noticed Natasha
  6066 | D:4      | Killed Natasha
  6420 | D:4      | Killed Pikel
  6420 | D:4      | Reached skill level 5 in Fighting
  6420 | D:4      | Reached skill level 9 in Polearms
  6420 | D:4      | Reached XP level 8. HP: 29/62 MP: 1/11
  6667 | D:5      | Entered Level 5 of the Dungeon
  6951 | D:5      | Reached * piety under the Shining One
  6959 | D:5      | Reached skill level 10 in Polearms
  7180 | D:5      | Found a stormy altar of Qazlal.
  7182 | D:5      | Found a burning altar of Makhleb.
  7479 | D:6      | Reached XP level 9. HP: 30/69 MP: 5/12
  7696 | D:6      | Reached skill level 11 in Polearms
  7957 | D:6      | Learned a level 4 spell: Summon Ice Beast
  8024 | D:7      | Found an opulent altar of Gozag.
  8065 | D:7      | Found a radiant altar of Vehumet.
  8113 | D:7      | Reached ** piety under the Shining One
  9124 | D:7      | Reached skill level 12 in Polearms
  9145 | D:7      | Found a basalt altar of Yredelemnul.
  9935 | D:8      | Found an iron altar of Okawaru.
 10128 | D:8      | Noticed a two-headed ogre
 10141 | D:8      | Noticed an elephant
 10151 | D:8      | Killed an elephant
 10173 | D:8      | Reached skill level 10 in Dodging
 10173 | D:8      | Reached XP level 10. HP: 67/80 MP: 13/13
 10372 | D:8      | Found a staircase to the Lair.
 10680 | D:8      | Noticed a two-headed ogre
 10706 | D:8      | Killed a two-headed ogre
 10941 | D:8      | Noticed Erica
 11023 | D:8      | Killed Erica
 11216 | D:9      | Reached *** piety under the Shining One
 11233 | D:9      | Noticed a two-headed ogre
 11321 | D:9      | Noticed a two-headed ogre
 11362 | D:9      | Noticed Erolcha
 11381 | D:9      | Reached skill level 5 in Ice Magic
 11389 | D:9      | Noticed a two-headed ogre
 11389 | D:9      | Killed Erolcha
 11460 | Lair:1   | Entered Level 1 of the Lair of Beasts
 11607 | Lair:1   | Reached XP level 11. HP: 89/89 MP: 14/14
 11740 | Lair:1   | Reached skill level 5 in Summonings
 11921 | Lair:1   | Noticed an eight-headed hydra
 12013 | Lair:2   | Noticed a six-headed hydra
 12072 | Lair:2   | Found a staircase to the Snake Pit.
 13068 | Lair:2   | Reached skill level 10 in Fighting
 13331 | Lair:2   | Killed a six-headed hydra
 13545 | Lair:2   | Found a staircase to the Swamp.
 14373 | Lair:3   | Noticed a four-headed hydra
 14384 | Lair:3   | Killed a four-headed hydra
 14386 | Lair:3   | Noticed a catoblepas
 14730 | Lair:3   | Killed a catoblepas
 15145 | Lair:4   | Got a bound marble ring
 15147 | Lair:4   | Identified the ring of the Duchess {Wiz MR+++ Str-4 Int+8 Slay-3} (You found it on level 4 of the Lair of Beasts)
 15419 | Lair:4   | Reached XP level 12. HP: 96/98 MP: 4/16
 15663 | Lair:4   | Reached **** piety under the Shining One
 15682 | Lair:4   | Got a smoking silver ring
 15694 | Lair:4   | Identified the ring "Duxeu" {+Fly rC+ Stlth+} (You found it on level 4 of the Lair of Beasts)
 15699 | Lair:4   | Noticed Harold
 15713 | Lair:4   | Killed Harold
 15830 | Lair:4   | Reached skill level 5 in Spellcasting
 15830 | Lair:4   | Reached skill level 10 in Summonings
 15830 | Lair:4   | Reached XP level 13. HP: 104/104 MP: 16/21
 16431 | Lair:5   | Found a staircase to the Slime Pits.
 16497 | Slime:1  | Entered Level 1 of the Pits of Slime
 17282 | Lair:6   | Entered Level 6 of the Lair of Beasts
 17824 | Lair:1   | Learned a level 6 spell: Freezing Cloud
 18116 | D:9      | Reached ***** piety under the Shining One
 18317 | D:9      | Found Vurhas's Weapon Emporium.
 18317 | D:9      | Found a staircase to the Orcish Mines.
 18328 | D:9      | Found Penlaq's Armour Emporium.
 18841 | D:9      | Noticed jlumianski's ghost (journeyman KoBe)
 19147 | D:10     | Entered Level 10 of the Dungeon
 19334 | D:10     | Noticed Nergalle
 19349 | D:10     | Killed Nergalle
 20153 | D:11     | Identified 2 scrolls of acquirement
 20155 | D:11     | Got an iridescent executioner's axe
 20156 | D:11     | Identified the +6 executioner's axe "omnomnOMINOUS's Peril" {holy, rN+ Stlth+} (You acquired it on level 11 of the Dungeon)
 20435 | D:11     | Noticed Gastronok
 20476 | D:11     | Killed Gastronok
 22200 | D:12     | Reached skill level 1 in Invocations
 22597 | D:9      | Reached XP level 14. HP: 82/113 MP: 23/23
 22744 | D:9      | Killed jlumianski's ghost
 22874 | Orc:1    | Entered Level 1 of the Orcish Mines
 23071 | Orc:2    | Entered Level 2 of the Orcish Mines
 23074 | Orc:2    | Noticed Jacaranda's ghost (journeyman MiBe)
 23364 | D:13     | Found a labyrinth entrance.
 23374 | Lab      | Entered a labyrinth
 23543 | Lab      | Noticed a minotaur
 23566 | Lab      | Killed a minotaur
 24002 | D:13     | Found Meeneset's Antique Weapon Emporium.
 24019 | D:13     | Bought a polished dagger for 175 gold pieces
 24019 | D:13     | Bought an ancient glaive for 287 gold pieces
 24020 | D:13     | Identified the +10 glaive of Exquisite Torment {flame, Fragile rPois rC++ Str+2} (You bought it in a shop on level 13 of the Dungeon)
 24396 | D:13     | Found a gate to the Vaults.
 24416 | D:13     | HP: 8/169 [yaktaur (10)]
 25109 | D:13     | Found Memus's Distillery.
 25117 | D:13     | Bought a potion of agility for 72 gold pieces
 25117 | D:13     | Bought a potion of curing for 54 gold pieces
 25117 | D:13     | Bought a potion of brilliance for 72 gold pieces
 25117 | D:13     | Bought a potion of heal wounds for 90 gold pieces
 25117 | D:13     | Bought a potion of resistance for 180 gold pieces
 25117 | D:13     | Bought a potion of might for 72 gold pieces
 25410 | D:13     | Reached ****** piety under the Shining One
 25432 | D:13     | Reached skill level 13 in Polearms
 25656 | D:14     | Found a snail-covered altar of Cheibriados.
 25731 | D:14     | Found a portal to a secret trove of treasure.
 26311 | D:14     | Noticed Warden's ghost (journeyman GrEE)
 27073 | D:15     | Entered Level 15 of the Dungeon
 27715 | D:15     | Found a hide-covered altar of Uskayaw.
 27749 | D:15     | Reached skill level 5 in Invocations
 28465 | D:15     | Reached skill level 14 in Polearms
 28619 | D:15     | Found a staircase to the Depths.
 28626 | Depths:1 | Entered Level 1 of the Depths
 28626 | Depths:1 | Noticed a red very ugly thing
 28626 | Depths:1 | Noticed a red very ugly thing
 28626 | Depths:1 | Noticed a red very ugly thing
 28626 | Depths:1 | Noticed a red very ugly thing
 28872 | Orc:2    | Killed Jacaranda's ghost
 28872 | Orc:2    | Reached XP level 15. HP: 82/120 MP: 8/26
 29080 | Orc:2    | Found a staircase to the Elven Halls.
 29102 | Orc:1    | Found Kazuo's Gadget Shop.
 29277 | Orc:2    | Noticed Saint Roka
 29764 | Orc:2    | Killed Saint Roka
 30798 | Orc:2    | Found Purod's Magic Scroll Boutique.
 31138 | Orc:2    | Found an ancient bone altar of Kikubaaqudgha.
 31145 | Orc:2    | Found Menkywaech's Antique Armour Shop.
 31164 | Orc:2    | Found a radiant altar of Vehumet.
 31208 | Orc:2    | Found a roughly hewn altar of Beogh.
 31209 | Orc:2    | Found Puemike's Book Shop.
 31292 | Orc:2    | Found Wodghim's Book Shop.
 31375 | Orc:2    | Bought a book of Summonings for 770 gold pieces
 31393 | Orc:2    | Bought a scroll of blinking for 135 gold pieces
 31393 | Orc:2    | Bought a scroll of blinking for 135 gold pieces
 31393 | Orc:2    | Bought a scroll of summoning for 171 gold pieces
 31433 | Orc:2    | Bought a transparent scale mail for 306 gold pieces
 31443 | Orc:2    | Identified the cursed +0 scale mail of the Bull {Str+4} (You bought it in a shop on level 2 of the Orcish Mines)
 31473 | Orc:2    | Learned a level 6 spell: Shadow Creatures
 31791 | Swamp:1  | Entered Level 1 of the Swamp
 31791 | Swamp:1  | Noticed a thorn hunter
 32008 | Lair:2   | Reached skill level 15 in Polearms
 32035 | Lair:2   | Killed a thorn hunter
 33001 | Swamp:2  | Reached skill level 15 in Dodging
 33482 | Swamp:2  | Noticed Frances
 33636 | Swamp:2  | Noticed Roxanne
 33652 | Swamp:2  | Noticed Jorgrun
 33661 | Swamp:2  | Killed Jorgrun
 33985 | Swamp:3  | Reached skill level 16 in Polearms
 34059 | Swamp:3  | Got a heavily jewelled robe
 34226 | Swamp:3  | Identified the +1 robe of Fun {rF+ rCorr Int+3} (You found it on level 3 of the Swamp)
 34397 | Swamp:3  | HP: 4/183 [spriggan rider/spear (24)]
 34398 | Swamp:3  | Reached XP level 16. HP: 5/129 MP: 4/28
 34401 | Swamp:3  | Mangled by a shambling mangrove

Vault maps used:
D:1:      kennysheep_arrival_forest, kennysheep_nondescript, minmay_tromino_v4_c
D:2:      lemuel_crystal_altar, uniq_robin, uniq_terence, uniq_sigmund
D:3:      uniq_ijyb, uniq_purgy
D:4:      minmay_door_path, nicolae_overflow_hidden_temple,
          cheibrodos_ashenzari_chains, minmay_temple_entry_overgrown,
          uniq_pikel, uniq_natasha
D:5:      chequers_temple_overflow_statue_of_worship, first_ration
D:7:      vehumet_crystals, grunt_gozag_statues,
          yredelemnul_forgotten_temple_becter
D:8:      david_lair_generic, okawaru_gym_becter, uniq_erica
D:9:      orc_david_3, uniq_erolcha
D:10:     wad_pebble_path, uniq_nergalle
D:11:     uniq_gastronok
D:12:     hangedman_fish_farm
D:13:     david_vaults_2, lab_entry_generic, serial_shops, shop,
          nicolae_shop_waterfront, minivault_16
D:14:     basic_altar, enter_trove_6, minmay_fountain_box
D:15:     grunt_enter_depths_magical_seal, lemuel_doored_altar
Temple:   eino_temple_water
Lair:1:   lemuel_fruit_tree
Lair:2:   wad_woods_structure_01, nicolae_swamp_entry_splash_gauntlet,
          guppyfry_snake_entry_island, infiniplex_staircase_pool
Lair:4:   uniq_harold
Lair:5:   minmay_slime_entry_pillars, grunt_megastairs_4
Lair:6:   gammafunk_lair_ancient_temple, serial_bayou_ford_a, st_stairs_11
Swamp:1:  serial_swamp_ruin, hangedman_swamp_ruin_wall,
          hangedman_swamp_ruin_hall, evilmike_swamp_ruin_house_3
Swamp:2:  evilmike_swamp_ruin_house_4, uniq_jorgrun, uniq_frances, uniq_roxanne
Swamp:3:  hangedman_swamp_pad, swamp_pool3
Orc:1:    serial_shops, shop
Orc:2:    kennysheep_orc_mage_school, uniq_saint_roka
Depths:1: enter_ziggurat_e, grunt_mini_vestibule, hangedman_decor_peaks_small,
          dk_noncrumbling_4, minmay_misc_feat_x, minivault_16,
          minmay_guarded_unrand_curses
Lab:      nicolae_lab_dead_adventurers, nicolae_lab_plus

Skill      XL: |  1  2  3  4  5  6  7  8  9 10 11 12 13 14 15 |
---------------+----------------------------------------------+-----
Dodging        | 3 4 5 6 7 10 11 12 13 14 15 | 15.3
Polearms       | 1 2 3 5 6 9 10 12 14 16 | 16.2
Fighting       | 1 2 3 5 8 9 10 11 12 | 12.9
Conjurations   | 1 |  1.0
Ice Magic      | 4 5 6 8 |  8.0
Summonings     | 4 7 10 11 12 13 | 13.4
Spellcasting   | 5 6 7 8 |  8.0
Invocations    | 1 5 7 |  7.5
Stealth        | |  2.1

Action                   |  1- 3 |  4- 6 |  7- 9 | 10-12 | 13-15 | 16-18 || total
-------------------------+-------+-------+-------+-------+-------+-------++-------
Melee: Dagger            |     5 |       |       |       |       |       ||     5
       Unarmed           |     1 |       |       |       |       |       ||     1
       Spear             |    42 |    92 |   384 |   506 |   726 |       ||  1750
       Glaive            |       |       |       |       |   615 |     3 ||   618
       Tailslap          |       |       |       |       |     3 |       ||     3
 Cast: Freeze            |    24 |    99 |    76 |    25 |       |       ||   224
       Throw Frost       |       |    24 |    34 |     2 |       |       ||    60
       Summon Ice Beast  |       |       |       |    61 |   299 |       ||   360
       Throw Icicle      |       |       |       |       |     1 |       ||     1
       Shadow Creatures  |       |       |       |       |     3 |       ||     3
Invok: Divine Shield     |       |       |       |     1 |     2 |       ||     3
Evoke: Wand              |       |       |    20 |     9 |     2 |       ||    31
       Sack of spiders   |       |       |       |     2 |     1 |       ||     3
  Use: Scroll            |       |    10 |     4 |     5 |    26 |       ||    45
       Potion            |       |     1 |       |     3 |    10 |       ||    14
 Stab: Sleeping          |     4 |     2 |       |       |       |       ||     6
       Distracted        |       |     1 |       |       |       |       ||     1
  Eat: Chunk             |     1 |    14 |    20 |    23 |    72 |       ||   130
       Ration            |       |       |       |     3 |     6 |       ||     9
Armor: Robe              |    11 |    32 |    49 |       |    32 |       ||   124
       Leather armour    |       |       |     7 |    61 |   114 |       ||   182
       Skin              |       |       |       |     4 |    12 |       ||    16
       Acid dragon scale |       |       |       |       |    18 |       ||    18
Dodge: Dodged            |    54 |   102 |   191 |   255 |   867 |       ||  1469
Block: Other             |       |       |       |     4 |    97 |     1 ||   102
       Reflection        |       |       |       |       |     7 |       ||     7

Table legend:
 A = Spawn XP
 B = Non-spawn XP
 C = Spawn XP percentage of total XP
 D = Spawn monster count
 E = Non-spawn monster count
 F = Spawn count percentage of total count
 G = Total turns spent on level
                    A         B        C        D         E        F      G
               +---------+---------+-------+---------+---------+-------+---------
         Total |       0 |  114168 |   0.0 |       0 |     722 |   0.0 | 34401
               +---------+---------+-------+---------+---------+-------+---------
           D:1 |       0 |      30 |   0.0 |       0 |      16 |   0.0 |  1482
           D:2 |       0 |     417 |   0.0 |       0 |      34 |   0.0 |  1461
           D:3 |       0 |      95 |   0.0 |       0 |      26 |   0.0 |  1449
           D:4 |       0 |    1197 |   0.0 |       0 |      33 |   0.0 |  1820
           D:5 |       0 |     608 |   0.0 |       0 |      21 |   0.0 |   798
           D:6 |       0 |     865 |   0.0 |       0 |      19 |   0.0 |  1138
           D:7 |       0 |     608 |   0.0 |       0 |      22 |   0.0 |  1135
           D:8 |       0 |    4096 |   0.0 |       0 |      30 |   0.0 |  2011
           D:9 |       0 |    5625 |   0.0 |       0 |      60 |   0.0 |  1513
          D:10 |       0 |    2466 |   0.0 |       0 |      29 |   0.0 |   792
          D:11 |       0 |    3913 |   0.0 |       0 |      24 |   0.0 |  1803
          D:12 |       0 |    3797 |   0.0 |       0 |      43 |   0.0 |  1426
          D:13 |       0 |    9450 |   0.0 |       0 |      42 |   0.0 |  1935
          D:14 |       0 |    4691 |   0.0 |       0 |      17 |   0.0 |  1289
          D:15 |       0 |   14608 |   0.0 |       0 |      39 |   0.0 |  1436
        Lair:1 |       0 |    1889 |   0.0 |       0 |      14 |   0.0 |  1041
        Lair:2 |       0 |    8168 |   0.0 |       0 |      40 |   0.0 |  2036
        Lair:3 |       0 |    3152 |   0.0 |       0 |      13 |   0.0 |  1431
        Lair:4 |       0 |    4082 |   0.0 |       0 |      16 |   0.0 |  1240
        Lair:5 |       0 |    2405 |   0.0 |       0 |      13 |   0.0 |  1267
        Lair:6 |       0 |     875 |   0.0 |       0 |       4 |   0.0 |    43
       Swamp:1 |       0 |    3640 |   0.0 |       0 |      11 |   0.0 |   792
       Swamp:2 |       0 |   12438 |   0.0 |       0 |      28 |   0.0 |   915
       Swamp:3 |       0 |    8380 |   0.0 |       0 |      23 |   0.0 |   453
         Orc:1 |       0 |    1708 |   0.0 |       0 |      26 |   0.0 |  1053
         Orc:2 |       0 |   13956 |   0.0 |       0 |      78 |   0.0 |  1936
           Lab |       0 |    1009 |   0.0 |       0 |       1 |   0.0 |   247
               +---------+---------+-------+---------+---------+-------+---------
